Map: Rosanegro LE

Players

DakkoN - Winner!

  • Race: Terran Terran
  • League: Master
  • Spawn Location: 7:00

I.A. 1 (Muito fácil)

  • Race: Zerg Zerg
  • Spawn Location: 1:00

VOD

Have the link to the VOD?

Description

Time

  • Played on: March 14, 2018, 2:32 p.m.
  • Length: 6:12
Show
View Real Time Build Order
Export as new Build Order

DakkoN Terran - Winner!

Build Orders: Liberator Opening, Reaper Expand 

Get SALT Encoding   

  12  0:00  SCV  
  13  0:13  SCV  
  14  0:17  Supply Depot  
  14  0:25  SCV  
  15  0:39  SCV  
  15  0:41  Barracks  
  16  0:44  Refinery  
  16  0:51  SCV  
  17  1:03  SCV  
  18  1:15  SCV  
  19  1:27  Orbital Command  
  19  1:28  Reaper  
  20  1:40  Command Center  
  21  1:54  SCV  
  21  2:06  SCV, Factory  
  22  2:09  Refinery  
  22  2:14  Supply Depot  
  22  2:21  Barracks Reactor  
  22  2:24  SCV  
  23  2:36  SCV  
  24  2:48  SCV  
  25  2:51  Starport  
  25  3:01  Orbital Command  
  25  3:04  SCV  
  28  3:05  Hellion  
  28  3:06  Hellion  
  28  3:10  Marine  
  31  3:19  Supply Depot  
  31  3:23  SCV  
  34  3:27  Hellion x2  
  34  3:28  Marine  
  34  3:33  Medivac  
  39  3:36  Armory  
  39  3:39  SCV  
  39  3:40  SCV  
  41  3:46  Marine  
  41  3:48  Liberator  
  42  3:52  SCV x2  
  42  3:55  Hellion x2  
  48  4:04  Marine, SCV x2  
  54  4:20  Supply Depot  
  54  4:39  Barracks Tech Lab  
  54  4:41  SCV x2  
  54  4:42  Hellion x2  
  60  4:55  SCV x2  
  60  4:59  Refinery x2  
  60  5:09  Hellion  
  60  5:13  Supply Depot x2  
  62  5:17  Hellion  
  62  5:20  SCV x2  
  62  5:21  Banshee  
  69  5:30  Barracks Reactor  
  69  5:32  SCV  
  69  5:34  Factory  
  70  5:37  Command Center  
  70  5:39  SCV  
  71  5:44  SCV  
  72  5:51  SCV  
Show
View Real Time Build Order
Export as new Build Order

I.A. 1 (Muito fácil) Zerg 

Build Orders: Pool Only 

Get SALT Encoding   

  12  0:00  Drone  
  13  0:12  Overlord  
  13  0:17  Drone  
  14  0:37  Spawning Pool  
  14  0:40  Drone, Extractor  
  13  0:47  Drone  
  14  0:53  Overlord  
  14  1:23  Queen  
  14  1:25  Zergling x2  
  17  1:31  Roach Warren  
  16  1:34  Drone  
  16  1:37  Extractor  
  16  1:43  Drone  
  17  1:53  Zergling x2  
  18  2:01  Drone  
  19  2:08  Drone  
  20  2:18  Drone  
  20  2:22  Zergling x2  
  22  2:29  Overlord  
  22  2:32  Drone  
  23  2:40  Drone  
  24  2:47  Drone  
  24  2:50  Roach  
  27  4:06  Zergling x2  
  27  4:57  Zergling x2  
  27  4:58  Overlord  
  27  5:02  Queen  
  22  5:23  Drone  
  22  5:26  Zergling x2  
  18  5:30  Drone  
  18  5:31  Roach Warren  
  12  5:37  Drone  
  7  5:44  Drone  
Tags
 
Add a new tag
Caveats
  • Supply blocks, unpowered buildings, or Contaminate may cause inaccurate times.
  • Supply counts are checked every 10 seconds.